[Event "VIII Belayev Memorial"]
[Site "Naberezhnye Chelny"]
[Date "2007.06.13"]
[Round "1"]
[White "Matveev, Andrey"]
[Black "Talipoiv, Nafis"]
[Result "1-0"]
[ECO "A85"]
[WhiteElo "2295"]
[BlackElo "2021"]
[PlyCount "37"]
[TimeControl "300"]

{48MB, Shredder9.ctg, COMPUTER} 1. c4 f5 2. Nc3 Nf6 3. d4 e6 4. e4 fxe4 5. Bg5
Be7 6. f3 exf3 7. Nxf3 b6 8. Bd3 Bb7 9. Ne5 O-O 10. O-O Nc6 11. Bxf6 Nxe5 12.
Bxe5 Bf6 13. Qh5 g6 14. Bxg6 hxg6 15. Qxg6+ Kh8 16. Rf4 Bxe5 17. Qh6+ Kg8 18.
Rg4+ Kf7 19. dxe5 1-0

[Event "VIII Belayev Memorial"]
[Site "Naberezhnye Chelny"]
[Date "2007.06.12"]
[Round "1"]
[White "Strelnikov, Roman"]
[Black "Zakirov, Rustam"]
[Result "1/2-1/2"]
[ECO "B19"]
[WhiteElo "2073"]
[BlackElo "2265"]
[PlyCount "75"]
[TimeControl "300"]

{48MB, Shredder9.ctg, COMPUTER} 1. e4 c6 2. d4 d5 3. Nc3 dxe4 4. Nxe4 Bf5 5.
Ng3 Bg6 6. h4 h6 7. Nf3 Nd7 8. Bd3 Bxd3 9. Qxd3 e6 10. Bf4 Ngf6 11. O-O-O Qa5
12. Kb1 O-O-O 13. Ne4 Nxe4 14. Qxe4 Be7 15. Ne5 Nxe5 16. Bxe5 Bf6 17. Bxf6 gxf6
18. Qf4 f5 19. c3 Qc7 20. Qxc7+ Kxc7 21. Rhe1 Rhg8 22. g3 Rd7 23. Re5 h5 24.
Kc2 Rgd8 25. Rde1 Rd5 26. R1e3 c5 27. Rxd5 Rxd5 28. Re5 Kd6 29. Rxd5+ Kxd5 30.
Kd3 cxd4 31. cxd4 f6 32. f4 b6 33. b3 a6 34. a3 b5 35. b4 Kd6 36. Kd2 Kc6 37.
Kc3 Kd6 38. Kd2 1/2-1/2

[Event "VIII Belayev Memorial"]
[Site "Naberezhnye Chelny"]
[Date "2007.06.12"]
[Round "1"]
[White "Dimukhametov, Artur"]
[Black "Davletshin, Mars"]
[Result "1-0"]
[ECO "D26"]
[WhiteElo "2220"]
[BlackElo "2112"]
[PlyCount "67"]
[TimeControl "300"]

{48MB, Shredder9.ctg, COMPUTER} 1. d4 d5 2. c4 dxc4 3. e3 Nf6 4. Bxc4 a6 5. Nf3
e6 6. O-O b5 7. Be2 Nbd7 8. a4 Rb8 9. Qc2 Be7 10. axb5 axb5 11. Ra7 c5 12. Nc3
c4 13. e4 Qb6 14. Ra1 Qc7 15. Bg5 e5 16. dxe5 Nxe5 17. Nxe5 Qxe5 18. Bh4 Qc5
19. e5 Nd7 20. Ne4 Qb6 21. Bg3 Nc5 22. Nxc5 Bxc5 23. e6 Rb7 24. Bf3 Re7 25.
exf7+ Kxf7 26. Bd5+ Kf6 27. Ra8 g6 28. Qd2 Kg7 29. Rb8 Qf6 30. Rxb5 Bd4 31.
Bxc4 Ba6 32. Rb4 Bxc4 33. Rxc4 Bxb2 34. Bh4 1-0

[Event "VIII Belayev Memorial"]
[Site "Naberezhnye Chelny"]
[Date "2007.06.12"]
[Round "1"]
[White "Salihova, Lilia"]
[Black "Kniazev, Igor"]
[Result "0-1"]
[ECO "C68"]
[WhiteElo "2030"]
[BlackElo "2254"]
[PlyCount "53"]
[TimeControl "300"]

{48MB, Shredder9.ctg, COMPUTER} 1. e4 e5 2. Nf3 Nc6 3. Bb5 a6 4. Bxc6 dxc6 5.
c3 Qd3 6. Qe2 Qxe2+ 7. Kxe2 Bg4 8. d3 O-O-O 9. Be3 g6 10. Kd2 Bg7 11. h3 Bxf3
12. gxf3 f5 13. Kc2 f4 14. Bc5 Nh6 15. Nd2 b6 16. Ba3 Rd7 17. Rad1 Nf7 18. h4
Bf6 19. Nb3 c5 20. Nd2 Rhd8 21. Nc4 Be7 22. h5 g5 23. Rhg1 Re8 24. Rd2 b5 25.
Na5 b4 26. cxb4 cxb4 27. Bxb4 0-1

[Event "VIII Belayev Memorial"]
[Site "Naberezhnye Chelny"]
[Date "2007.06.12"]
[Round "1"]
[White "Belov, Dmitry"]
[Black "Mitiushkin, Marat"]
[Result "1-0"]
[ECO "E00"]
[WhiteElo "2123"]
[BlackElo "2022"]
[PlyCount "77"]
[TimeControl "300"]

{48MB, Shredder9.ctg, COMPUTER} 1. d4 Nf6 2. c4 e6 3. Nc3 d6 4. e4 Nbd7 5. Nf3
h6 6. Be3 Be7 7. Bd3 O-O 8. O-O b6 9. Ne1 c5 10. d5 e5 11. f4 exf4 12. Bxf4 Ne5
13. Bxe5 dxe5 14. h3 Bd7 15. Bc2 Bd6 16. Qf3 Nh7 17. Ba4 Bxa4 18. Nxa4 Qh4 19.
Nc3 a6 20. Nc2 Ng5 21. Qf2 Nxh3+ 22. gxh3 Qxh3 23. Qg2 Qh4 24. Ne3 Qd8 25. Nf5
Qf6 26. Rf3 Rfe8 27. Raf1 Ra7 28. Nxg7 Qxg7 29. Rg3 Qxg3 30. Qxg3+ Kh7 31. Qh3
Rg8+ 32. Kh1 Bf8 33. Qf5+ Kh8 34. Rg1 Bg7 35. d6 Rd8 36. Rd1 Rdd7 37. Na4 Bf8
38. Nxb6 Rd8 39. Qf6+ 1-0

[Event "VIII Belayev Memorial"]
[Site "CCC"]
[Date "2007.06.11"]
[Round "11"]
[White "Mitiushkin, Marat"]
[Black "Matveev, Andrey"]
[Result "0-1"]
[ECO "D15"]
[WhiteElo "2022"]
[BlackElo "2295"]
[PlyCount "70"]
[TimeControl "300"]

{48MB, Shredder9.ctg, COMPUTER} 1. d4 d5 2. Nf3 Nf6 3. c4 c6 4. Nc3 dxc4 5. e4
b5 6. Qc2 e6 7. Bg5 Be7 8. Be2 Bb7 9. O-O Nbd7 10. Rad1 O-O 11. h3 a6 12. Be3
Qc7 13. e5 Nd5 14. Nxd5 cxd5 15. g4 f6 16. exf6 Bxf6 17. g5 Be7 18. g6 e5 19.
gxh7+ Kh8 20. Qg6 Qd6 21. Qg2 Kxh7 22. Kh1 e4 23. Rg1 Rf7 24. Ng5+ Bxg5 25.
Qxg5 Qf6 26. Qh5+ Kg8 27. Rg6 Qe7 28. Rdg1 Nf6 29. Qh6 Bc8 30. Bg5 Bf5 31. Bxf6
Bxg6 32. Qxg6 Qxf6 33. Qh5 Qf5 34. Rg5 Qxf2 35. Bg4 Qe1+ 0-1

[Event "VIII Belayev Memorial"]
[Site "Naberezhnye Chelny"]
[Date "2007.06.13"]
[Round "2"]
[White "Davletshin, Mars"]
[Black "Salihova, Lilia"]
[Result "1-0"]
[ECO "C43"]
[WhiteElo "2112"]
[BlackElo "2030"]
[PlyCount "79"]
[TimeControl "300"]

{48MB, Shredder9.ctg, COMPUTER} 1. e4 e5 2. Nf3 Nf6 3. d4 exd4 4. e5 Qe7 5. Be2
Ne4 6. Qxd4 Qb4+ 7. Nbd2 Nxd2 8. Bxd2 Qxd4 9. Nxd4 Bc5 10. Nf5 O-O 11. b4 Bb6
12. Ne7+ Kh8 13. Nxc8 Rxc8 14. Bc3 Nc6 15. b5 Bd4 16. Bxd4 Nxd4 17. Bd3 Re8 18.
f4 d6 19. O-O dxe5 20. fxe5 Rxe5 21. Rxf7 Nxb5 22. Raf1 g6 23. Bxb5 Rxb5 24.
Rxc7 Rb2 25. Rff7 Rxa2 26. Rxh7+ Kg8 27. Rcg7+ Kf8 28. Rxb7 Kg8 29. Rbg7+ Kf8
30. Rxg6 Rxc2 31. h3 a5 32. Rh8+ Kf7 33. Rxa8 Kxg6 34. Rxa5 Kh6 35. Kh2 Kg6 36.
h4 Rc4 37. Kh3 Rc3+ 38. g3 Kh6 39. Ra6+ Kh5 40. Ra8 1-0

[Event "VIII Belayev Memorial"]
[Site "Naberezhnye Chelny"]
[Date "2007.06.13"]
[Round "2"]
[White "Mitiushkin, Marat"]
[Black "Dimukhametov, Artur"]
[Result "0-1"]
[ECO "D34"]
[WhiteElo "2022"]
[BlackElo "2220"]
[PlyCount "56"]
[TimeControl "300"]

{48MB, Shredder9.ctg, COMPUTER} 1. d4 d5 2. c4 e6 3. Nc3 c5 4. cxd5 exd5 5. Nf3
Nc6 6. g3 Nf6 7. Bg2 Be7 8. O-O O-O 9. Bg5 cxd4 10. Nxd4 h6 11. Be3 Re8 12. f3
Ba3 13. Bc1 Bc5 14. e3 Bxd4 15. exd4 Qb6 16. Ne2 Bf5 17. Rf2 Nb4 18. Nf4 g5 19.
a3 Nc2 20. Nxd5 Nxd5 21. Rxc2 Bxc2 22. Qd2 Bg6 23. f4 Ne3 24. fxg5 Nxg2 25.
Kxg2 Qc6+ 26. Kg1 Qf3 27. gxh6 Re2 28. h7+ Kh8 0-1

[Event "VIII Belayev Memorial"]
[Site "Naberezhnye Chelny"]
[Date "2007.06.13"]
[Round "2"]
[White "Vildanov, Rinat"]
[Black "Matveev, Andrey"]
[Result "1/2-1/2"]
[ECO "B21"]
[WhiteElo "1969"]
[BlackElo "2295"]
[PlyCount "116"]
[TimeControl "300"]

{48MB, Shredder9.ctg, COMPUTER} 1. e4 c5 2. f4 e5 3. d3 d6 4. Nf3 Nc6 5. Be2
Nge7 6. O-O exf4 7. Bxf4 Ng6 8. Bg3 Be7 9. Nbd2 O-O 10. c3 d5 11. Qb3 d4 12.
cxd4 cxd4 13. Rac1 a5 14. a3 a4 15. Qc2 Be6 16. Nc4 b5 17. Nd6 Na5 18. Qc7 Nb3
19. Rc2 Bxd6 20. Qxd6 Qxd6 21. Bxd6 Rfd8 22. Bb4 Nf4 23. Ne1 Nxe2+ 24. Rxe2
Rac8 25. Rc2 Bg4 26. Rcf2 Rd7 27. Nf3 f6 28. Ne5 Be6 29. Nxd7 Bxd7 30. Bd2 h6
31. Bb4 Nc1 32. h3 Be6 33. Rd2 h5 34. Rff2 Rd8 35. Kf1 Kh7 36. Ke1 Bb3 37. Rf5
Kg6 38. Rxb5 Nxd3+ 39. Rxd3 Bc4 40. Rg3+ Kh6 41. Bd2+ g5 42. h4 Bxb5 43. hxg5+
Kg6 44. gxf6+ Kf7 45. e5 Ke6 46. Bb4 Rd7 47. Rg7 Rf7 48. Rg5 Bc4 49. Rxh5 Bd3
50. Rg5 Rh7 51. Rg7 Rxg7 52. fxg7 Bh7 53. Bd6 Kd5 54. Kd2 Bg8 55. g4 Ke4 56. g5
Be6 57. g6 Bb3 58. Bc7 Be6 1/2-1/2

[Event "VIII Belayev Memorial"]
[Site "Naberezhnye Chelny"]
[Date "2007.06.13"]
[Round "2"]
[White "Zakirov, Rustam"]
[Black "Kniazev, Igor"]
[Result "0-1"]
[ECO "A13"]
[WhiteElo "2265"]
[BlackElo "2254"]
[PlyCount "70"]
[TimeControl "300"]

{48MB, Shredder9.ctg, COMPUTER} 1. Nf3 Nf6 2. c4 e6 3. g3 d5 4. cxd5 exd5 5. d4
Bd6 6. Bg5 Nbd7 7. Bg2 c6 8. O-O Qb6 9. Qb3 Ne4 10. Bf4 Bxf4 11. gxf4 Ndf6 12.
Qa3 a5 13. e3 Qd8 14. Ne5 Nd6 15. Nd2 O-O 16. Kh1 Bf5 17. Rg1 Re8 18. Bf3 Nfe4
19. Bxe4 Nxe4 20. Nxe4 Bxe4+ 21. f3 Rxe5 22. fxe4 Rxe4 23. Rg3 Qf6 24. Rag1 g6
25. Rg5 Rae8 26. Re5 b6 27. Qb3 b5 28. Rg3 R8xe5 29. dxe5 Qf5 30. Qd1 Rc4 31.
Rg2 Qe4 32. Qd2 d4 33. b3 Rc3 34. exd4 Rd3 35. Qe2 Re3 0-1

[Event "VIII Belayev Memorial"]
[Site "Naberezhnye Chelny"]
[Date "2007.06.13"]
[Round "2"]
[White "Strelnikov, Roman"]
[Black "Agishev, Kamil"]
[Result "1-0"]
[ECO "C36"]
[WhiteElo "2073"]
[BlackElo "1946"]
[PlyCount "45"]
[TimeControl "300"]

{48MB, Shredder9.ctg, COMPUTER} 1. e4 e5 2. f4 exf4 3. Nf3 d5 4. exd5 Nf6 5.
Bb5+ Bd7 6. Bc4 a5 7. O-O b5 8. Qe2+ Be7 9. Bxb5 Bxb5 10. Qxb5+ Qd7 11. Qxd7+
Nbxd7 12. c4 O-O 13. Nc3 Nb6 14. d3 Bd6 15. Nb5 Rfe8 16. Nxd6 cxd6 17. Bxf4 Re2
18. b3 Rae8 19. Nd4 R2e7 20. Nf5 Re2 21. Nxd6 R8e7 22. Nf5 Re8 23. Nd4 1-0

[Event "VIII Belayev Memorial"]
[Site "\Naberezhnye Chelny"]
[Date "2007.06.13"]
[Round "2"]
[White "Talipov, Nafis"]
[Black "Belov, Dmitry"]
[Result "1/2-1/2"]
[ECO "B18"]
[WhiteElo "2021"]
[BlackElo "2123"]
[PlyCount "60"]
[TimeControl "300"]

{48MB, Shredder9.ctg, COMPUTER} 1. e4 c6 2. d4 d5 3. Nc3 dxe4 4. Nxe4 Bf5 5.
Ng3 Bg6 6. Nf3 e6 7. Ne5 Nf6 8. h4 Bf5 9. Nxf5 exf5 10. Bc4 Nd5 11. Qf3 g6 12.
h5 Bg7 13. Bd2 b5 14. Nxc6 Nxc6 15. Qxd5 Qxd5 16. Bxd5 Rc8 17. c3 O-O 18. hxg6
hxg6 19. O-O Rfd8 20. Bf3 Ne5 21. Be2 Nc4 22. Bxc4 bxc4 23. b3 a5 24. Rab1 cxb3
25. axb3 Rb8 26. Rfc1 Rd7 27. Bf4 Rb6 28. Rc2 Rdb7 29. Ra1 Rb5 30. f3 Bf6
1/2-1/2

[Event "VIII Belayev Memorial"]
[Site "Naberezhnye Chelny"]
[Date "2007.06.14"]
[Round "3"]
[White "Matveev, Andrey"]
[Black "Strelnikov, Roman"]
[Result "1-0"]
[ECO "A37"]
[WhiteElo "2295"]
[BlackElo "2073"]
[PlyCount "73"]
[TimeControl "300"]

{48MB, Shredder9.ctg, COMPUTER} 1. c4 c5 2. Nc3 Nc6 3. g3 g6 4. Bg2 Bg7 5. Nf3
e6 6. O-O Nge7 7. a3 O-O 8. Rb1 d5 9. d3 dxc4 10. dxc4 Qxd1 11. Rxd1 a6 12. Ne4
b6 13. b4 cxb4 14. axb4 Bb7 15. Nd6 Rad8 16. Be3 Rd7 17. Bxb6 Bc3 18. b5 axb5
19. Nxb7 Rxb7 20. Rxb5 Rfb8 21. Rdb1 Bb4 22. Nd4 Rxb6 23. Nxc6 Rxb5 24. cxb5
Nxc6 25. Bxc6 Bc5 26. h4 h5 27. e3 Bb6 28. Kf1 Kf8 29. Ke2 Ke7 30. Rb2 Ba5 31.
Ra2 Bb6 32. Kf3 Kf6 33. Kf4 e5+ 34. Ke4 Ke6 35. Bd5+ Kd6 36. Bxf7 Rc8 37. Bxg6
1-0

[Event "VIII Belayev Memorial"]
[Site "Naberezhnye Chelny"]
[Date "2007.06.14"]
[Round "3"]
[White "Belov, Dmitry"]
[Black "Vildanov, Rinat"]
[Result "1/2-1/2"]
[ECO "A44"]
[WhiteElo "2123"]
[BlackElo "1969"]
[PlyCount "86"]
[TimeControl "300"]

{48MB, Shredder9.ctg, COMPUTER} 1. d4 c5 2. d5 e5 3. e4 d6 4. Bb5+ Bd7 5. Bxd7+
Nxd7 6. Nf3 Ngf6 7. Nc3 Be7 8. O-O O-O 9. Ne1 Ne8 10. f4 exf4 11. Bxf4 Bg5 12.
Qh5 Bxf4 13. Rxf4 Nef6 14. Qg5 h6 15. Qf5 Ne5 16. Nd3 Re8 17. Raf1 c4 18. Nxe5
Rxe5 19. Qh3 Rh5 20. Qf3 Re5 21. Kh1 Qe7 22. h3 a6 23. a4 Rb8 24. Rf5 b5 25.
axb5 axb5 26. Qg3 Rxf5 27. exf5 b4 28. Re1 Qd7 29. Ne4 Nxe4 30. Rxe4 Qxf5 31.
Qxd6 Qxe4 32. Qxb8+ Kh7 33. Qxb4 Qxc2 34. Kh2 Qe4 35. Qd2 Qd3 36. Qa5 Qe4 37.
Qb5 Qf4+ 38. Kg1 Qc1+ 39. Kf2 Qd2+ 40. Kf3 Qd3+ 41. Kf2 Qd2+ 42. Kg1 Qe1+ 43.
Kh2 Qe5+ 1/2-1/2

[Event "VIII Belayev Memorial"]
[Site "Naberezhnye Chelny"]
[Date "2007.06.16"]
[Round "3"]
[White "Kniazev, Igor"]
[Black "Davletshin, Mars"]
[Result "1-0"]
[ECO "C49"]
[WhiteElo "2254"]
[BlackElo "2112"]
[PlyCount "53"]
[TimeControl "300"]

{48MB, Shredder9.ctg, COMPUTER} 1. e4 e5 2. Nf3 Nc6 3. Nc3 Nf6 4. Bb5 Bb4 5.
O-O O-O 6. d3 d6 7. Bg5 Bxc3 8. bxc3 Qe7 9. Re1 Nd8 10. d4 Ne6 11. Bc1 Rd8 12.
g3 a6 13. Bf1 Nf8 14. Ba3 Qe8 15. Qd3 Ng6 16. Qc4 Bg4 17. Nd2 Rdc8 18. Bg2 Qd7
19. f4 exf4 20. e5 Nh5 21. Bxb7 fxg3 22. Nf1 gxh2+ 23. Nxh2 Ngf4 24. Re3 Nh3+
25. Kh1 Nf2+ 26. Kg2 Qf5 27. Nf3 1-0

[Event "VIII Belayev Memorial"]
[Site "Naberezhnye Chelny"]
[Date "2007.06.16"]
[Round "3"]
[White "Salihova, Lilia"]
[Black "Mitiushkin, Marat"]
[Result "0-1"]
[ECO "D00"]
[WhiteElo "2030"]
[BlackElo "2022"]
[PlyCount "112"]
[TimeControl "300"]

{48MB, Shredder9.ctg, COMPUTER} 1. d4 d5 2. e3 e6 3. Bd3 c5 4. c3 Nf6 5. f4 Nc6
6. Nf3 g6 7. Nbd2 b6 8. Bb5 Bd7 9. Bxc6 Bxc6 10. Ne5 Bb5 11. Qb3 Bd7 12. Ndf3
Be7 13. O-O O-O 14. Qc2 c4 15. Bd2 Qc7 16. Ng5 h6 17. Ngf3 Kg7 18. Be1 Rfc8 19.
Bh4 Ng8 20. g4 f5 21. gxf5 exf5 22. Qg2 Be8 23. Kh1 Qd6 24. Rg1 Rc6 25. Nxc6
Qxc6 26. Bxe7 Nxe7 27. Ne5 Qe6 28. Raf1 Rd8 29. Rf3 Rd6 30. Rh3 Qg8 31. Rg3 Qh7
32. h4 h5 33. Qe2 a5 34. Rg5 Kf8 35. b3 b5 36. bxc4 dxc4 37. Ra1 Nd5 38. Qd2
Qb7 39. Rag1 Nxc3+ 40. Qg2 Qxg2+ 41. R5xg2 Ke7 42. Kh2 Nd5 43. Nxg6+ Bxg6 44.
Rxg6 Rxg6 45. Rxg6 Kd7 46. Kg3 b4 47. Kf3 a4 48. Ke2 Nc3+ 49. Kd2 Nxa2 50. Rg1
Kc6 51. Re1 c3+ 52. Kd3 b3 53. e4 fxe4+ 54. Rxe4 c2 55. Re6+ Kd7 56. Re1 c1=Q
0-1

[Event "VIII Belayev Memorial"]
[Site "Naberezhnye Chelny"]
[Date "2007.06.16"]
[Round "3"]
[White "Agishev, Kamil"]
[Black "Zakirov, Rustam"]
[Result "0-1"]
[ECO "B18"]
[WhiteElo "1946"]
[BlackElo "2265"]
[PlyCount "97"]
[TimeControl "300"]

{48MB, Shredder9.ctg, COMPUTER} 1. e4 c6 2. Nc3 d5 3. d4 dxe4 4. Nxe4 Bf5 5.
Ng3 Bg6 6. Nf3 Nd7 7. Bd3 Bxd3 8. Qxd3 e6 9. O-O Ngf6 10. c4 Bd6 11. b3 O-O 12.
Bb2 Qc7 13. Rad1 Rfd8 14. Qb1 Nf8 15. d5 Bxg3 16. fxg3 cxd5 17. Bxf6 gxf6 18.
cxd5 Qc5+ 19. Kh1 Rxd5 20. Rxd5 Qxd5 21. Rd1 Qa5 22. b4 Qc7 23. Rc1 Qe7 24. Qc2
Rd8 25. Qa4 a6 26. Qa5 Qd6 27. Qh5 Ng6 28. Qh6 e5 29. Rc5 b6 30. Rc4 Qd1+ 31.
Ng1 Qd5 32. Rg4 Qd2 33. Qh4 f5 34. Rg5 f6 35. Qc4+ Qd5 36. Qxd5+ Rxd5 37. Rxf5
Kg7 38. h4 Rd3 39. Rf3 e4 40. Rxd3 exd3 41. Nf3 Ne5 42. Nd2 b5 43. Kg1 Nc4 44.
Nxc4 bxc4 45. Kf2 c3 46. Ke3 d2 47. Ke2 Kf7 48. a4 Ke6 49. g4 0-1

[Event "VIII Belayev Memorial"]
[Site "Naberezhnye Chelny"]
[Date "2007.06.16"]
[Round "3"]
[White "Dimukhametov, Artur"]
[Black "Talipov, Nafis"]
[Result "1-0"]
[ECO "D10"]
[WhiteElo "2220"]
[BlackElo "2021"]
[PlyCount "30"]
[TimeControl "300"]

{48MB, Shredder9.ctg, COMPUTER} 1. d4 c6 2. c4 d5 3. Nc3 Nf6 4. Bg5 Bf5 5. e3
e6 6. Nf3 g6 7. cxd5 exd5 8. Qb3 b6 9. e4 dxe4 10. Ne5 Qe7 11. Bc4 Be6 12. d5
Bxd5 13. Nxd5 cxd5 14. Bb5+ Kd8 15. Bxf6 Qxf6 1-0

[Event "VIII Belayev Memorial"]
[Site "Naberezhnye Chelny"]
[Date "2007.06.16"]
[Round "4"]
[White "Mutiushkin, Marat"]
[Black "Kniazev, Igor"]
[Result "0-1"]
[ECO "B14"]
[WhiteElo "2022"]
[BlackElo "2254"]
[PlyCount "68"]
[TimeControl "300"]

{48MB, Shredder9.ctg, COMPUTER} 1. d4 Nf6 2. c4 c5 3. e3 e6 4. Nc3 d5 5. Nf3
cxd4 6. exd4 Nc6 7. Bg5 Be7 8. Be2 O-O 9. O-O Ne4 10. Bxe7 Nxe7 11. Nxe4 dxe4
12. Ng5 f5 13. f3 Nc6 14. Nxe6 Bxe6 15. d5 Qb6+ 16. Kh1 Rad8 17. Qe1 Qxb2 18.
Rb1 Qxa2 19. Ra1 Qb2 20. Rb1 Qa2 21. Ra1 Qb3 22. fxe4 fxe4 23. Rxf8+ Rxf8 24.
dxc6 bxc6 25. Rxa7 Bxc4 26. Qa1 Bf7 27. h4 Qg3 28. Rxf7 Qxh4+ 29. Kg1 Kxf7 30.
Bc4+ Kg6 31. Qe5 Qf4 32. Qe6+ Rf6 33. Qe8+ Kh6 34. Qc8 Qc1+ 0-1

[Event "VIII Belayev Memorial"]
[Site "Naberezhnye Chelny"]
[Date "2007.06.16"]
[Round "4"]
[White "Vildanov, Rinat"]
[Black "Dimukhametov, Artur"]
[Result "0-1"]
[ECO "A45"]
[WhiteElo "1969"]
[BlackElo "2220"]
[PlyCount "60"]
[TimeControl "300"]

{48MB, Shredder9.ctg, COMPUTER} 1. d4 Nf6 2. c3 g6 3. Bf4 Bg7 4. Nd2 O-O 5. e4
d6 6. Ngf3 Re8 7. Qb3 Nc6 8. O-O-O Nh5 9. Be3 e5 10. h3 exd4 11. cxd4 b6 12.
Bb5 Na5 13. Qc2 Bd7 14. Bd3 c5 15. dxc5 bxc5 16. Nc4 Rb8 17. b3 Be6 18. Ng5
Bxc4 19. Bxc4 Nxc4 20. Qxc4 Qf6 21. Kd2 d5 22. exd5 Rxe3 23. fxe3 Qxg5 24. g4
Nf6 25. Ke2 Re8 26. Rd3 Nd7 27. Qb5 Bh6 28. Qxd7 Rxe3+ 29. Rxe3 Qxe3+ 30. Kf1
Qf3+ 0-1

[Event "VIII Belayev Memorial"]
[Site "Naberezhnye Chelny"]
[Date "2007.06.16"]
[Round "4"]
[White "Talipov, Nafis"]
[Black "Salihova, Lilia"]
[Result "1-0"]
[ECO "D00"]
[WhiteElo "2021"]
[BlackElo "2030"]
[PlyCount "69"]
[TimeControl "300"]

{48MB, Shredder9.ctg, COMPUTER} 1. e3 d5 2. d4 e6 3. Bd3 Bd6 4. Nf3 f5 5. c4 c6
6. Nc3 Nf6 7. b3 Bb4 8. Bb2 Ne4 9. Qc2 Nd7 10. O-O-O Qa5 11. Bxe4 fxe4 12. Nd2
Nf6 13. f3 exf3 14. gxf3 Bd7 15. e4 O-O-O 16. Rhg1 g6 17. Nf1 Qc7 18. Ne2 Rhf8
19. e5 Nh5 20. Qd3 c5 21. a3 Ba5 22. dxc5 Qb8 23. cxd5 exd5 24. Nfg3 Nxg3 25.
hxg3 Bf5 26. Qe3 h5 27. Nf4 Bc7 28. Nxd5 Rde8 29. f4 Bg4 30. Rd2 g5 31. Re1 Rf5
32. Qd3 Rff8 33. e6 Bxe6 34. Rxe6 Rxe6 35. Nb6+ 1-0

[Event "VIII Belayev Memorial"]
[Site "Naberezhnye Chelny"]
[Date "2007.06.15"]
[Round "4"]
[White "Agishev, Kamil"]
[Black "Matveev, Andrey"]
[Result "0-1"]
[ECO "A36"]
[WhiteElo "1946"]
[BlackElo "2295"]
[PlyCount "54"]
[TimeControl "300"]

{48MB, Shredder9.ctg, COMPUTER} 1. c4 c5 2. Nc3 Nc6 3. g3 d6 4. Bg2 h5 5. d3 h4
6. gxh4 Rxh4 7. Be3 g6 8. Qd2 Bg7 9. Nf3 Rh5 10. h4 Nf6 11. Bh3 Bg4 12. Bxg4
Nxg4 13. Rg1 Nxe3 14. fxe3 Qb6 15. O-O-O O-O-O 16. a3 e6 17. d4 cxd4 18. exd4
Bh6 19. Ng5 f6 20. Qf4 fxg5 21. hxg5 Bg7 22. Qf7 Bxd4 23. Qxe6+ Kb8 24. Qxg6
Rh2 25. Rdf1 Bxc3 26. bxc3 Qc5 27. Kb2 Ne5 0-1

[Event "VIII Belayev Memorial"]
[Site "Naberezhnye Chelny"]
[Date "2007.06.15"]
[Round "4"]
[White "Strelnikov, Roman"]
[Black "Belov, Dmitry"]
[Result "0-1"]
[ECO "B19"]
[WhiteElo "2073"]
[BlackElo "2123"]
[PlyCount "86"]
[TimeControl "300"]

{48MB, Shredder9.ctg, COMPUTER} 1. e4 c6 2. d4 d5 3. Nc3 dxe4 4. Nxe4 Bf5 5.
Ng3 Bg6 6. h4 h6 7. Nf3 Nd7 8. Bd3 Bxd3 9. Qxd3 e6 10. Bf4 Ngf6 11. O-O-O Qa5
12. Qb3 O-O-O 13. Rhe1 Nd5 14. Bd2 Qb6 15. Qxb6 axb6 16. Ne4 Be7 17. a3 N7f6
18. c4 Nxe4 19. Rxe4 Nf6 20. Re2 Bd6 21. Ne5 Bxe5 22. dxe5 Nd7 23. b4 Nf8 24.
h5 Rd4 25. f4 Rxc4+ 26. Kb2 b5 27. Be3 Re4 28. Kb3 Nd7 29. Kb2 Nb6 30. Rd3 Nc4+
31. Kb3 Re8 32. a4 Rg8 33. axb5 cxb5 34. g3 g6 35. Ra2 Kc7 36. Bc5 g5 37. Ra7
gxf4 38. gxf4 Re2 39. Bd6+ Kc6 40. Bc5 Rh2 41. Bd4 Rd8 42. Ra1 Rf2 43. Rad1
Rxf4 0-1

[Event "VIII Belayev Memorial"]
[Site "Naberezhnye Chelny"]
[Date "2007.06.15"]
[Round "4"]
[White "Zakirov, Rustam"]
[Black "Davletshin, Mars"]
[Result "1/2-1/2"]
[ECO "A15"]
[WhiteElo "2265"]
[BlackElo "2112"]
[PlyCount "21"]
[TimeControl "300"]

{48MB, Shredder9.ctg, COMPUTER} 1. Nf3 Nf6 2. c4 g6 3. g3 Bg7 4. Bg2 O-O 5. O-O
d6 6. h3 Nbd7 7. Nc3 c5 8. Rb1 e5 9. d3 Nh5 10. Qc2 f5 11. Nd2 1/2-1/2

[Event "VIII Belayev Memorial"]
[Site "Naberezhnye Chelny"]
[Date "2007.06.18"]
[Round "5"]
[White "Dimukhametov, Artur"]
[Black "Strelnikov, Roman"]
[Result "1-0"]
[ECO "E68"]
[WhiteElo "2220"]
[BlackElo "2073"]
[PlyCount "81"]
[TimeControl "300"]

{48MB, Shredder9.ctg, COMPUTER} 1. d4 Nf6 2. c4 g6 3. Nc3 Bg7 4. Nf3 d6 5. g3
O-O 6. Bg2 Nbd7 7. O-O Re8 8. e4 e5 9. h3 a5 10. Be3 exd4 11. Nxd4 Nc5 12. Qc2
Nfd7 13. Rad1 Qe7 14. Ndb5 Nb6 15. Bf4 Rd8 16. Rfe1 Be6 17. b3 h6 18. Be3 Rd7
19. f4 Rdd8 20. f5 Bc8 21. fxg6 fxg6 22. Bxc5 dxc5 23. Nd5 Nxd5 24. exd5 Qg5
25. Nxc7 Qxg3 26. Nxa8 Bd4+ 27. Kh1 Bxh3 28. Qe4 Bf2 29. Rg1 Bf5 30. Qe7 Rd6
31. Rde1 Bxe1 32. Rxe1 h5 33. Nc7 Rd7 34. Qe8+ Kh7 35. Re7+ Kh6 36. Qh8+ Kg5
37. Ne6+ Bxe6 38. Rxe6 Qh4+ 39. Kg1 Qg3 40. Re5+ Kg4 41. Qf6 1-0

[Event "VIII Belayev Memorial"]
[Site "Naberezhnye Chelny"]
[Date "2007.06.18"]
[Round "5"]
[White "Kniazev, Igor"]
[Black "Talipov, Nafis"]
[Result "1-0"]
[ECO "B18"]
[WhiteElo "2254"]
[BlackElo "2021"]
[PlyCount "35"]
[TimeControl "300"]

{48MB, Shredder9.ctg, COMPUTER} 1. e4 c6 2. d4 d5 3. Nc3 dxe4 4. Nxe4 Bf5 5.
Ng3 Bg6 6. N1e2 h6 7. Nf4 Bh7 8. Bc4 Nf6 9. O-O Nbd7 10. Re1 Nb6 11. Bb3 Nbd5
12. c4 Nxf4 13. Bxf4 Qd7 14. d5 O-O-O 15. Qd4 b6 16. Qe5 Qd6 17. dxc6 g5 18.
Qb5 1-0

[Event "VIII Belayev Memorial"]
[Site "Naberezhnye Chelny"]
[Date "2007.06.18"]
[Round "5"]
[White "Matveev, Andrey"]
[Black "Zakirov, Rustam"]
[Result "1/2-1/2"]
[ECO "B19"]
[WhiteElo "2295"]
[BlackElo "2264"]
[PlyCount "75"]
[TimeControl "300"]

{48MB, Shredder9.ctg, COMPUTER} 1. e4 c6 2. d4 d5 3. Nc3 dxe4 4. Nxe4 Bf5 5.
Ng3 Bg6 6. Nf3 Nd7 7. h4 h6 8. h5 Bh7 9. Bd3 Bxd3 10. Qxd3 e6 11. Qb3 Qc7 12.
c4 Ngf6 13. Bd2 a5 14. Rc1 a4 15. Qe3 O-O-O 16. b3 Bd6 17. Ne2 c5 18. b4 Ng4
19. Qa3 cxd4 20. Nfxd4 Ndf6 21. Qxa4 Nxf2 22. Nb5 Nd3+ 23. Kf1 Ne4 24. Nxc7
Nxd2+ 25. Kg1 Nxc1 26. Nxc1 Bxc7 27. Qc2 Nxc4 28. Rh3 b5 29. Nb3 Bb6+ 30. Kh1
Rd5 31. g4 Rhd8 32. Rc3 Rd1+ 33. Kg2 Rg1+ 34. Kf3 Rf1+ 35. Kg3 Rg1+ 36. Kf3
Rf1+ 37. Kg3 Rg1+ 38. Kf3 1/2-1/2

[Event "VIII Belayev Memorial"]
[Site "Naberezhnye Chelny"]
[Date "2007.06.18"]
[Round "5"]
[White "Belov, Dmitry"]
[Black "Agishev, Kamil"]
[Result "0-1"]
[ECO "C78"]
[WhiteElo "2123"]
[BlackElo "1946"]
[PlyCount "96"]
[TimeControl "300"]

{48MB, Shredder9.ctg, COMPUTER} 1. e4 e5 2. Nf3 Nc6 3. Bb5 a6 4. Ba4 Nf6 5. O-O
Bc5 6. Re1 O-O 7. c3 b5 8. Bc2 d6 9. h3 Bb7 10. d4 Bb6 11. d5 Ne7 12. Bg5 Ng6
13. Nh4 h6 14. Bxf6 Qxf6 15. Nf5 Nh4 16. Qg4 Nxf5 17. exf5 Bxd5 18. Be4 Bxe4
19. Qxe4 g6 20. c4 Qxf5 21. Qxf5 gxf5 22. cxb5 axb5 23. Nc3 Ba5 24. Re3 Bxc3
25. Rxc3 c5 26. Rd3 Rfd8 27. Rd5 Kf8 28. a3 b4 29. Rad1 bxa3 30. bxa3 Ke7 31.
R5d3 c4 32. Rc3 d5 33. f4 f6 34. Kf2 Ra4 35. Rg3 Kf7 36. Rb1 Ra7 37. fxe5 fxe5
38. Rb6 Rg8 39. Rf3 f4 40. Rxh6 d4 41. Rh7+ Rg7 42. Rxg7+ Kxg7 43. g3 fxg3+ 44.
Rxg3+ Kf6 45. Ke2 c3 46. Kd3 Rxa3 47. Rg1 Ra2 48. h4 Rd2+ 0-1